 Dungeon Crawl Stone Soup version 0.20.1-1-g8b1a95d (webtiles) character file.

114 Melbolja the Sneak (level 4, -2/34 HPs)
             Began as a Spriggan Assassin on Aug 28, 2017.
             Killed from afar by Ijyb (16 damage)
             ... with an exploding inner flame
             ... hexed by the player character
             ... on level 3 of the Dungeon on Oct 1, 2017.
             The game lasted 00:16:09 (3193 turns).

Melbolja the Sneak (Spriggan Assassin)              Turns: 3193, Time: 00:16:09

Health: -2/34      AC: 22    Str:  6 (7)  XL:     4   Next: 67%
Magic:  5/5        EV:  4    Int: 10 (12) God:
Gold:   102        SH:  0    Dex: 17 (18) Spells: 3/3 levels left

rFire    . . .     SeeInvis +   h - +0 dagger (venom)
rCold    . . .     Gourm    .   (shield restricted)
rNeg     + + +     Faith    .   (armour currently unavailable)
rPois    +         Spirit   .   (helmet currently unavailable)
rElec    .         Reflect  .   (cloak currently unavailable)
rCorr    .         Harm     .   (gloves unavailable)
MR       .....     NoTele   +   (boots unavailable)
Stlth    ++++......             (no amulet)
Regen    0.2/turn               (no ring)
MPRegen  0.1/turn               (no ring)

@: tree-form
A: unfitting armour, see invisible, herbivore 3, slow metabolism 2
a: no special abilities


You were on level 3 of the Dungeon.
You were very full.
You were a tree.
You visited 1 branch of the dungeon, and saw 3 of its levels.

You collected 102 gold pieces.

Inventory:

Hand Weapons
 a - a +2 dagger
 b - a +0 blowgun
 h - a +0 dagger of venom (weapon)
Missiles
 e - 8 poisoned needles
 f - 2 curare-tipped needles
Armour
 c - a +0 robe (melded)
 d - a +0 cloak (melded)
Jewellery
 n - an uncursed ring of ice {unknown}
 p - a cursed ring of teleportation {unknown}
Scrolls
 j - a scroll of immolation
 k - a scroll of noise
 l - 2 scrolls of remove curse
 m - a scroll of teleportation
 o - a scroll of fog {unknown}
 q - a scroll of fear {unknown}
Potions
 s - a potion of flight {unknown}
Comestibles
 g - a bread ration
 i - 4 royal jellies


   Skills:
 + Level 1.8 Fighting
 + Level 3.5 Short Blades
 + Level 2.0 Throwing
 + Level 3.1 Dodging
 + Level 7.4 Stealth


You had 3 spell levels left.
You didn't know any spells.

Dungeon Overview and Level Annotations

Branches:
Dungeon (3/15)

Altars:
Hepliaklqana
Ru
Trog
Vehumet


Innate Abilities, Weirdness & Mutations

You are very small and have problems with some larger weapons.
You are too small for most types of armour.
You have supernaturally acute eyesight. (SInv)
You are a herbivore.
((You cover ground extremely quickly.))
You need consume almost no food.


Message History

You closely miss Ijyb.
Ijyb is moderately wounded.
You hit Ijyb but do no damage.
Ijyb looks as sick as possible!
Ijyb is moderately wounded.
Ijyb hits you but does no damage.
You hit Ijyb.
Ijyb is severely wounded.
Ijyb zaps a wand.
You hit Ijyb but do no damage.
Ijyb looks as sick as possible!
Ijyb is severely wounded.
Ijyb closely misses you.
You hit Ijyb.
Ijyb is almost dead.
Ijyb zaps a wand.
You easily resist.
You completely miss Ijyb.
Ijyb is almost dead.
You hit Ijyb.
Ijyb explodes!
The fiery explosion engulfs you!
You die...

###### ### #....####
...##.......##
...##....##..# ###
...##...####.####..#
.....).#(...(...(#
....#..#..##.##..#
....#..#.#.#.#.#♣#
...)#..#.##...##†#
...##...(...(. .b§
#..###.#.##...##.#.
#..## .#.#.#.#.#.#..
#...##.# .##. ..# ..
#....#.#(. .(# ...
#.......####. ##.
### ##.....#.....


You could see a bat.

Vanquished Creatures
  Natasha (twice) (D:3)
  2 adders
  3 dart slugs (D:1)
  2 leopard geckos (D:1)
  5 bats
  4 giant cockroaches
  2 goblins (D:2)
  4 hobgoblins
  A quokka (D:2)
  4 frilled lizards
  9 kobolds
  5 rats
43 creatures vanquished.

Notes
Turn   | Place    | Note
-------+----------+-------------------------------------------
     0 | D:1      | Melbolja the Spriggan Assassin began the quest for the Orb.
     0 | D:1      | Reached XP level 1. HP: 10/10 MP: 2/2
    10 | D:1      | Reached skill level 6 in Stealth
   462 | D:1      | Reached XP level 2. HP: 14/14 MP: 3/3
  1125 | D:1      | Reached skill level 7 in Stealth
  1155 | D:1      | Reached XP level 3. HP: 17/18 MP: 4/4
  2457 | D:2      | Found a hazy altar of Hepliaklqana.
  2458 | D:2      | Found a sacrificial altar of Ru.
  2470 | D:2      | Found a bloodstained altar of Trog.
  2470 | D:2      | Found a radiant altar of Vehumet.
  3025 | D:3      | Noticed Natasha
  3042 | D:3      | Killed Natasha
  3042 | D:3      | Reached XP level 4. HP: 12/23 MP: 5/5
  3168 | D:3      | Noticed Natasha
  3172 | D:3      | Noticed Ijyb
  3177 | D:3      | Killed Natasha
  3193 | D:3      | Killed Ijyb
  3193 | D:3      | Killed from afar by Ijyb

Skill      XL: |  1  2  3  4 |
---------------+-------------+-----
Stealth        | 6 7 |  7.4
Dodging        | 2 3 |  3.1
Short Blades   | 3 |  3.5
Fighting       | |  1.8
Throwing       | |  2.0

Action                   |  1- 3 |  4- 6 || total
-------------------------+-------+-------++-------
Melee: Dagger            |   161 |    36 ||   197
  Use: Scroll            |     4 |     1 ||     5
       Potion            |     2 |     1 ||     3
 Stab: Sleeping          |     7 |     1 ||     8
       Distracted        |     1 |       ||     1
  Eat: Bread ration      |     2 |       ||     2
Armor: Robe              |    22 |       ||    22
       Skin              |       |     5 ||     5
Dodge: Dodged            |    96 |    17 ||   113
